 Dungeon Crawl Stone Soup version 0.22-a0-322-g60b3cfd (webtiles) character file.

114148 emperorscorpion the Thaumaturge (level 16, 72/133 (135) HPs)
             Began as a Gnoll Fire Elementalist on Apr 1, 2018.
             Was the Champion of Makhleb.
             Quit the game on level 1 of the Spider Nest on Apr 3, 2018.
             The game lasted 01:42:46 (20719 turns).

emperorscorpion the Thaumaturge (GnFE)             Turns: 20719, Time: 01:42:47

HP:   72/133 (135)  AC: 12    Str: 12    XL:     16   Next: 65%
MP:   12/40         EV: 20    Int: 23    God:    Makhleb [******]
Gold: 2238          SH:  0    Dex: 16    Spells: 6/37 levels left

rFire    . . .     SeeInvis .   o - +11 plutonium sword {*Contam Stlth-}
rCold    . . .     Gourm    .   (shield currently unavailable)
rNeg     . . .     Faith    .   P - +0 troll leather armour {Purgy}
rPois    .         Spirit   .   F - +1 helmet
rElec    .         Reflect  .   (no cloak)
rCorr    .         Harm     .   z - +0 pair of gloves
MR       ++...     Clarity  +   S - +1 pair of boots
Stlth    ++++......             W - amulet of regeneration
HPRegen  1.12/turn              Y - ring of wizardry
MPRegen  0.27/turn              N - ring of magical power

@: quite poisoned (72 -> 34), slowed, very slow
A: distributed training, fangs 1, clarity, magic resistance 1, robust 1, strong
nose
a: Minor Destruction, Lesser Servant of Makhleb, Major Destruction, Greater
Servant of Makhleb, Renounce Religion


You were on level 1 of the Spider Nest.
You worshipped Makhleb.
Makhleb was exalted by your worship.
You were not hungry.

You visited 4 branches of the dungeon, and saw 23 of its levels.
You also visited: Sewer, Ice Cave and Volcano.

You collected 2414 gold pieces.
You spent 176 gold pieces at shops.

Inventory:

Hand Weapons
 a - the +3 short sword "Isarirchoke" {pierce, rElec rF+ MR+ Int+3}
   (You bought it in a shop on level 12 of the Dungeon)

   It inflicts extra damage upon your enemies.
   It affects your intelligence (+3).
   It protects you from fire.
   It insulates you from electricity.
   It affects your resistance to hostile enchantments.
 o - the +11 plutonium sword (weapon) {*Contam Stlth-}
   (You found it on level 4 of the Lair of Beasts)

   It causes magical contamination when unequipped.
   It makes you less stealthy.
Missiles
 l - 3 throwing nets (quivered)
 m - 7 poisoned tomahawks
 I - 84 poisoned needles
Armour
 z - a +0 pair of gloves (worn)
 F - a +1 helmet (worn)
 P - a +0 troll leather armour (worn) {Purgy}
 S - a +1 pair of boots (worn)
 U - a +2 ring mail of fire resistance
Magical Staves
 f - an uncursed staff of power {unknown}
Jewellery
 c - an uncursed amulet of rage
 y - a +2 ring of intelligence
 H - an uncursed ring of protection from magic
 N - a ring of magical power (right hand)
 W - an amulet of regeneration (around neck)
 Y - a ring of wizardry (left hand)
Wands
 s - a wand of iceblast (38)
 E - a wand of enslavement (9)
 J - a wand of acid (20)
 T - a wand of paralysis (12)
 Z - a wand of polymorph (14)
Scrolls
 h - 3 scrolls of silence
 i - 2 scrolls of summoning
 k - 12 scrolls of teleportation
 n - 7 scrolls of remove curse
 q - 5 scrolls of enchant weapon
 u - 3 scrolls of immolation
 w - 4 scrolls of identify
 x - 5 scrolls of fear
 B - 6 scrolls of amnesia
 C - 4 scrolls of enchant armour
 D - 2 scrolls of blinking
 L - 3 scrolls of fog
 R - 4 scrolls of magic mapping
Potions
 d - 4 potions of heal wounds
 g - a potion of cancellation
 j - 5 potions of mutation
 p - 9 potions of curing
 r - 5 potions of agility
 v - a potion of berserk rage
 A - a potion of lignification
 G - 3 potions of might
 M - a potion of invisibility
 O - 2 potions of haste
 Q - 4 potions of flight
Miscellaneous
 e - a box of beasts
 K - a phial of floods
 V - a lamp of fire
Comestibles
 t - 42 rations


   Skills:
 + Level 10.3 Fighting
 + Level 10.3 Short Blades
 + Level 10.3 Long Blades
 + Level 10.3 Axes
 + Level 10.3 Maces & Flails
 + Level 10.3 Polearms
 + Level 10.3 Staves
 + Level 10.3 Slings
 + Level 10.3 Bows
 + Level 10.3 Crossbows
 + Level 10.3 Throwing
 + Level 10.3 Armour
 + Level 11.2 Dodging
 + Level 11.1 Stealth
 + Level 10.3 Shields
 + Level 10.3 Unarmed Combat
 + Level 11.4 Spellcasting
 + Level 9.0 Conjurations
 + Level 8.7 Hexes
 + Level 8.7 Charms
 + Level 8.7 Summonings
 + Level 8.7 Necromancy
 + Level 8.7 Translocations
 + Level 8.7 Transmutations
 + Level 10.3 Fire Magic
 + Level 8.7 Ice Magic
 + Level 8.7 Air Magic
 + Level 8.7 Earth Magic
 + Level 8.7 Poison Magic
 + Level 11.2 Invocations
 + Level 10.3 Evocations


You had 6 spell levels left.
You knew the following spells:

 Your Spells              Type           Power        Failure   Level  Hunger
a - Flame Tongue          Conj/Fire      #####        1%          1    None
b - Conjure Flame         Conj/Fire      ######..     1%          3    None
c - Sticky Flame          Conj/Fire      ######..     1%          4    None
d - Fireball              Conj/Fire      ######....   1%          5    ####...
e - Mephitic Cloud        Conj/Pois/Air  ######..     1%          3    None
f - Force Lance           Conj/Tloc      ######..     1%          4    None
g - Freezing Cloud        Conj/Ice/Air   ######....   10%         6    #####..
h - Sublimation of Blood  Necr           ######....   1%          2    None
r - Regeneration          Chrm/Necr      ######....   1%          3    None


Dungeon Overview and Level Annotations

Branches:
Dungeon (13/15)            Temple (0/1) D:7            Lair (6/6) D:10
 Spider (2/4) Lair:3        Slime (0/5) Lair:5          Orc (2/2) D:12
    Elf (0/3) Orc:2
  Swamp: Lair:2-4    Shoals: Lair:2-4    Vaults: D:13-14

Altars:
Cheibriados
Elyvilon
Hepliaklqana
Makhleb
Okawaru
Sif Muna
Xom
The Shining One
Beogh
Jiyva

Shops:
D:7 %   D:12 (   Orc:2 }!(:

Annotations:
Spider:2 Arachne


Innate Abilities, Weirdness & Mutations

Your experience applies equally to all skills.
You have very sharp teeth.
Your uncanny sense of smell can sniff out nearby items.
You possess an exceptional clarity of mind.
You are resistant to hostile enchantments. (MR+)
You are robust. (+10% HP)


Message History

An orb of destruction comes into view.
Unknown command.
You feel extremely sick.
The death drake bites you but does no damage.
The jumping spider closely misses you.
You riposte.
You slice the jumping spider!!
You kill the jumping spider!
Makhleb accepts your kill.
You feel better. The death drake breathes miasma at you.
The foul vapour engulfs you!
Found 26 gold pieces.
You are engulfed in dark miasma.
You are more poisoned.
You feel your flesh rotting away!
You feel as though you will be slow longer.
You feel extremely sick.
The death drake bites you but does no damage.
The death drake closely misses you.
The orb spider spins a strand of pure energy.
Are you sure you want to abandon this character and quit the game? (Confirm with "yes".)

##...#####
#...##
##...#####
#......†.#
##.......#
##^.#.#..##
##........#
##s§†k§...##
#..†.@....#
#^#...#.*.##
#.....#####
........
........
.[......
#.$#### ..#


You could see a death drake and an orb spider.

Vanquished Creatures
  An orc warlord (Orc:1)
  2 dire elephants (Lair:6)
  A red draconian (Volcano)
  An ettin (Orc:2)
  Josephine (Orc:2)
  2 ogre magi (Orc:2)
  2 centaur warriors (D:13)
  3 hydras
  A catoblepas (Lair:6)
  8 two-headed ogres
  Erica (D:8)
  3 death yaks (Lair:6)
  Nergalle (D:10)
  A salamander mystic (Volcano)
  2 deep trolls (Orc:2)
  2 orc knights (Orc:1)
  2 lindwurms (Lair:6)
  An orb spider (Lair:5)
  An orc sorcerer (Orc:1)
  A necromancer (IceCv)
  2 cyclopes (Orc:2)
  2 manticores (Lair:6)
  2 wolf spiders
  5 salamanders
  10 elephants
  A guardian serpent (Lair:6)
  10 black mambas
  An ice statue (IceCv)
  Joseph (D:10)
  2 molten gargoyles (Volcano)
  2 centaur skeletons
  13 spiny frogs
  9 rime drakes
  9 freezing wraiths (IceCv)
  2 demonic crawlers (Spider:1)
  4 komodo dragons
  13 trolls
  7 hornets
  A wolf spider simulacrum (IceCv)
  10 jumping spiders
  A tyrant leech (Spider:1)
  A raiju (Lair:5)
  8 hippogriffs
  A slime creature (D:11)
  A wind drake (Lair:6)
  7 dream sheep
  24 blink frogs
  10 redbacks
  4 tarantellas (Spider:1)
  13 wyverns
  20 yaks
  6 wraiths
  2 fire bats (Volcano)
  3 steam dragons
  3 basilisks
  A death yak simulacrum (IceCv)
  A hungry ghost (D:11)
  3 wargs
  A soldier ant (D:12)
  A swamp worm (Spider:1)
  Edmund (D:5)
  2 acid dragons
  18 water moccasins
  11 porcupines
  A sky beast (D:13)
  9 ice beasts
  A phantom (D:6)
  Purgy (Sewer)
  A black bear (D:10)
  11 orc warriors
  A necrophage (D:8)
  An eye of draining (D:11)
  24 ogres
  9 centaurs
  9 crocodiles
  14 bullfrogs
  A water moccasin zombie (D:6)
  6 scorpions
  9 killer bees
  11 wights
  3 howler monkeys
  5 lava snakes (Volcano)
  A bullfrog zombie (D:6)
  3 crimson imps
  6 hounds
  4 draconian simulacra (IceCv)
  5 jellies
  4 bullfrog skeletons
  7 orc priests
  4 iguanas
  18 orc wizards
  A polar bear simulacrum (IceCv)
  3 troll simulacra (IceCv)
  7 worker ants
  2 spriggan simulacra (IceCv)
  A killer bee zombie (D:5)
  A wolf simulacrum (IceCv)
  4 centaur simulacra (IceCv)
  A hound zombie (D:6)
  A hound skeleton (D:5)
  A worker ant zombie (D:6)
  Robin (D:2)
  12 adders
  14 gnolls
  4 naga simulacra (IceCv)
  2 ogre simulacra (IceCv)
  3 shadow imps
  11 white imps (IceCv)
  7 oozes
  2 adder skeletons
  3 worms
  A dart slug (D:3)
  11 leopard geckos
  57 orcs
  2 ball pythons
  7 giant cockroaches
  6 hobgoblins
  10 jackals
  7 kobolds
  6 quokkas
  5 bats
  7 frilled lizards
  17 goblins
  A quokka skeleton (D:4)
  6 rats
  A plant (Lair:6)
680 creatures vanquished.

Vanquished Creatures (collateral kills)
  A two-headed ogre (Orc:2)
  Psyche (D:12)
  A freezing wraith (IceCv)
  A jumping spider (Spider:1)
  A tarantella (Spider:1)
  An ice beast (D:12)
  2 wights (D:12)
  A jelly (D:12)
  A bullfrog zombie (D:12)
  An iguana (D:12)
  A spriggan simulacrum (IceCv)
  A white imp (IceCv)
13 creatures vanquished.

Vanquished Creatures (others)
  A black mamba (Lair:6)
  A bullfrog (D:12)
  31 fungi
  32 plants
65 creatures vanquished.

Grand Total: 758 creatures vanquished

Notes
Turn   | Place    | Note
-------+----------+-------------------------------------------
     0 | D:1      | emperorscorpion the Gnoll Fire Elementalist began the quest for the Orb.
     0 | D:1      | Reached XP level 1. HP: 13/13 MP: 6/6
   224 | D:1      | Reached XP level 2. HP: 19/19 MP: 3/7
   534 | D:1      | Reached XP level 3. HP: 25/25 MP: 5/9
   664 | D:1      | Learned a level 3 spell: Conjure Flame
   695 | D:2      | Reached skill level 5 in Spellcasting
   907 | D:2      | Reached skill level 1 in Invocations
  1018 | D:2      | Noticed Robin
  1027 | D:2      | Reached skill level 1 in Fighting
  1027 | D:2      | Reached skill level 1 in Short Blades
  1027 | D:2      | Reached skill level 1 in Long Blades
  1027 | D:2      | Reached skill level 1 in Axes
  1027 | D:2      | Reached skill level 1 in Maces & Flails
  1027 | D:2      | Reached skill level 1 in Polearms
  1027 | D:2      | Reached skill level 1 in Staves
  1027 | D:2      | Reached skill level 1 in Slings
  1027 | D:2      | Reached skill level 1 in Bows
  1027 | D:2      | Reached skill level 1 in Crossbows
  1027 | D:2      | Reached skill level 1 in Throwing
  1027 | D:2      | Reached skill level 1 in Armour
  1027 | D:2      | Reached skill level 1 in Shields
  1027 | D:2      | Reached skill level 1 in Unarmed Combat
  1027 | D:2      | Reached skill level 1 in Evocations
  1030 | D:2      | Killed Robin
  1030 | D:2      | Reached XP level 4. HP: 18/32 MP: 1/11
  1713 | D:3      | Learned a level 4 spell: Sticky Flame
  1879 | D:3      | Reached skill level 1 in Hexes
  1879 | D:3      | Reached skill level 1 in Charms
  1879 | D:3      | Reached skill level 1 in Summonings
  1879 | D:3      | Reached skill level 1 in Necromancy
  1879 | D:3      | Reached skill level 1 in Translocations
  1879 | D:3      | Reached skill level 1 in Transmutations
  1879 | D:3      | Reached skill level 1 in Ice Magic
  1879 | D:3      | Reached skill level 1 in Air Magic
  1879 | D:3      | Reached skill level 1 in Earth Magic
  1879 | D:3      | Reached skill level 1 in Poison Magic
  1907 | D:3      | Reached XP level 5. HP: 37/37 MP: 7/12
  2111 | D:3      | Learned a level 5 spell: Fireball
  2562 | D:4      | Reached XP level 6. HP: 27/44 MP: 1/13
  2582 | D:4      | Found a burning altar of Makhleb.
  2591 | D:4      | Found a deep blue altar of Sif Muna.
  2597 | D:4      | Became a worshipper of Makhleb the Destroyer
  2642 | D:4      | Noticed Edmund
  2709 | D:4      | Reached skill level 5 in Dodging
  3130 | D:5      | Entered Level 5 of the Dungeon
  3224 | D:5      | Reached XP level 7. HP: 50/50 MP: 9/15
  3369 | D:5      | Reached * piety under Makhleb
  3573 | D:5      | Reached skill level 5 in Stealth
  3656 | D:5      | Killed Edmund
  3656 | D:5      | Reached XP level 8. HP: 45/57 MP: 5/16
  3714 | D:5      | Found a glowing golden altar of the Shining One.
  4084 | D:6      | Found a glowing golden altar of the Shining One.
  4297 | D:6      | Reached XP level 9. HP: 65/65 MP: 10/18
  4591 | D:6      | Found a glowing drain.
  4623 | Sewer    | Entered a sewer
  4630 | Sewer    | Reached ** piety under Makhleb
  4660 | Sewer    | Noticed Purgy
  4666 | Sewer    | Killed Purgy
  5247 | D:7      | Found Hetsomede's Food Boutique.
  5278 | D:7      | Noticed a six-headed hydra
  5432 | D:7      | Gained mutation: You are robust. (+10% HP) [potion of mutation]
  5432 | D:7      | Gained mutation: You possess an exceptional clarity of mind. [potion of mutation]
  5432 | D:7      | Gained mutation: You are resistant to hostile enchantments. (MR+) [potion of mutation]
  5552 | D:7      | Found a staircase to the Ecumenical Temple.
  5611 | D:7      | Found an iron altar of Okawaru.
  6342 | D:8      | Found a shimmering altar of Xom.
  6343 | D:8      | Found a hazy altar of Hepliaklqana.
  6344 | D:8      | Noticed a spectral ugly thing
  6444 | D:8      | Reached *** piety under Makhleb
  6565 | D:8      | Reached skill level 5 in Invocations
  6631 | D:8      | Noticed Erica
  6638 | D:8      | Killed Erica
  6638 | D:8      | Reached XP level 10. HP: 80/80 MP: 20/20
  7139 | D:9      | Reached skill level 5 in Fighting
  7139 | D:9      | Reached skill level 5 in Short Blades
  7139 | D:9      | Reached skill level 5 in Long Blades
  7139 | D:9      | Reached skill level 5 in Axes
  7139 | D:9      | Reached skill level 5 in Maces & Flails
  7139 | D:9      | Reached skill level 5 in Polearms
  7139 | D:9      | Reached skill level 5 in Staves
  7139 | D:9      | Reached skill level 5 in Slings
  7139 | D:9      | Reached skill level 5 in Bows
  7139 | D:9      | Reached skill level 5 in Crossbows
  7139 | D:9      | Reached skill level 5 in Throwing
  7139 | D:9      | Reached skill level 5 in Armour
  7139 | D:9      | Reached skill level 5 in Shields
  7139 | D:9      | Reached skill level 5 in Unarmed Combat
  7139 | D:9      | Reached skill level 5 in Evocations
  7304 | D:9      | Found a white marble altar of Elyvilon.
  7688 | D:9      | Learned a level 3 spell: Mephitic Cloud
  7715 | D:10     | Entered Level 10 of the Dungeon
  7827 | D:10     | Noticed Joseph
  7848 | D:10     | Killed Joseph
  8197 | D:10     | Reached skill level 5 in Conjurations
  8387 | D:10     | Noticed Nergalle
  8397 | D:10     | Killed Nergalle
  8461 | D:10     | Found a staircase to the Lair.
  8637 | D:11     | Reached XP level 11. HP: 47/89 MP: 12/22
  8645 | D:12     | Noticed Psyche
  8805 | D:11     | Reached **** piety under Makhleb
  8825 | D:11     | Noticed a two-headed ogre
  8856 | D:11     | Killed a two-headed ogre
  8976 | D:11     | Reached skill level 5 in Hexes
  8976 | D:11     | Reached skill level 5 in Charms
  8976 | D:11     | Reached skill level 5 in Summonings
  8976 | D:11     | Reached skill level 5 in Necromancy
  8976 | D:11     | Reached skill level 5 in Translocations
  8976 | D:11     | Reached skill level 5 in Transmutations
  8976 | D:11     | Reached skill level 5 in Ice Magic
  8976 | D:11     | Reached skill level 5 in Air Magic
  8976 | D:11     | Reached skill level 5 in Earth Magic
  8976 | D:11     | Reached skill level 5 in Poison Magic
  9426 | D:11     | Reached ***** piety under Makhleb
  9581 | D:11     | Learned a level 4 spell: Force Lance
  9742 | D:12     | Killed Psyche
  9818 | D:12     | Found Ucrasi's Antique Weapon Boutique.
  9836 | D:12     | Bought an iridescent short sword for 176 gold pieces
  9838 | D:12     | Identified the +3 short sword "Isarirchoke" {pierce, rElec rF+ MR+ Int+3} (You bought it in a shop on level 12 of the Dungeon)
  9952 | D:12     | Found a staircase to the Orcish Mines.
 10162 | D:13     | Noticed a centaur warrior
 10177 | D:13     | Noticed a centaur warrior
 10187 | D:13     | Killed a centaur warrior
 10187 | D:13     | Reached XP level 12. HP: 84/97 MP: 11/24
 10187 | D:13     | Killed a centaur warrior
 10199 | D:13     | Noticed a centaur warrior
 10244 | Orc:1    | Entered Level 1 of the Orcish Mines
 10344 | Orc:2    | Entered Level 2 of the Orcish Mines
 10400 | Orc:2    | Found a staircase to the Elven Halls.
 10480 | Orc:2    | Found a roughly hewn altar of Beogh.
 10502 | Orc:2    | Found Ticzess's Gadget Boutique.
 10502 | Orc:2    | Noticed a two-headed ogre
 10503 | Orc:2    | Noticed a two-headed ogre
 10504 | Orc:2    | Noticed a two-headed ogre
 10504 | Orc:2    | Noticed an ogre mage
 10504 | Orc:2    | Noticed a two-headed ogre
 10504 | Orc:2    | Found Meohetil's Weapon Shoppe.
 10504 | Orc:2    | Noticed a two-headed ogre
 10529 | Orc:2    | Killed an ogre mage
 10530 | Orc:2    | Killed a two-headed ogre
 10556 | Orc:1    | Killed a two-headed ogre
 10689 | Orc:2    | Killed a two-headed ogre
 10795 | Orc:2    | Noticed an ettin
 10799 | Orc:2    | Noticed a two-headed ogre
 10812 | Orc:2    | Killed a two-headed ogre
 10823 | Orc:2    | Killed an ettin
 11074 | Orc:2    | Killed a two-headed ogre
 11199 | Orc:2    | Noticed a two-headed ogre
 11213 | Orc:2    | Killed a two-headed ogre
 11222 | Orc:2    | Reached XP level 13. HP: 69/107 MP: 1/26
 11302 | Orc:2    | Noticed Josephine
 11309 | Orc:2    | Killed Josephine
 11838 | Orc:2    | Found Cioso's Book Shop.
 11851 | Orc:2    | Found Hikonurph's Distillery.
 11908 | Orc:2    | Reached ****** piety under Makhleb
 12300 | Orc:1    | Noticed an orc warlord
 12311 | Orc:1    | Killed an orc warlord
 12550 | Orc:1    | Found a roughly hewn altar of Beogh.
 12671 | Orc:1    | Upgraded the game from 0.22-a0-307-g2b15929 to 0.22-a0-322-g60b3cfd
 12809 | Lair:1   | Entered Level 1 of the Lair of Beasts
 13980 | Lair:2   | Reached skill level 10 in Spellcasting
 14073 | Lair:2   | Reached XP level 14. HP: 116/116 MP: 6/28
 14122 | Lair:3   | Found a frozen archway.
 14226 | IceCv    | Entered an ice cave
 14761 | IceCv    | Found an ancient bone altar of Kikubaaqudgha.
 14766 | IceCv    | Reached skill level 10 in Dodging
 15871 | Lair:3   | Found a hole to the Spider Nest.
 15990 | Lair:3   | Learned a level 3 spell: Regeneration
 16424 | Lair:4   | Reached skill level 10 in Stealth
 16618 | Lair:4   | Reached skill level 10 in Invocations
 16726 | Lair:4   | Found the +11 plutonium sword {*Contam Stlth-}
 16880 | Lair:4   | Found a dark tunnel.
 16896 | Lair:4   | Learned a level 6 spell: Freezing Cloud
 16897 | Volcano  | Entered a volcano
 17216 | Volcano  | Found a bloodstained altar of Trog.
 17380 | Volcano  | Noticed a red draconian
 17420 | Volcano  | Killed a red draconian
 17770 | Lair:4   | Found a snail-covered altar of Cheibriados.
 18149 | Lair:5   | Learned a level 2 spell: Sublimation of Blood
 18328 | Lair:5   | Found a staircase to the Slime Pits.
 18328 | Lair:5   | Found a viscous altar of Jiyva.
 18331 | Lair:5   | Reached XP level 15. HP: 126/126 MP: 29/29
 18749 | Lair:6   | Entered Level 6 of the Lair of Beasts
 18782 | Lair:6   | Reached XP level 16. HP: 133/133 MP: 24/30
 19161 | Lair:6   | Reached skill level 10 in Fire Magic
 19274 | Lair:6   | Reached skill level 10 in Fighting
 19274 | Lair:6   | Reached skill level 10 in Short Blades
 19274 | Lair:6   | Reached skill level 10 in Long Blades
 19274 | Lair:6   | Reached skill level 10 in Axes
 19274 | Lair:6   | Reached skill level 10 in Maces & Flails
 19274 | Lair:6   | Reached skill level 10 in Polearms
 19274 | Lair:6   | Reached skill level 10 in Staves
 19274 | Lair:6   | Reached skill level 10 in Slings
 19274 | Lair:6   | Reached skill level 10 in Bows
 19274 | Lair:6   | Reached skill level 10 in Crossbows
 19274 | Lair:6   | Reached skill level 10 in Throwing
 19274 | Lair:6   | Reached skill level 10 in Armour
 19274 | Lair:6   | Reached skill level 10 in Shields
 19274 | Lair:6   | Reached skill level 10 in Unarmed Combat
 19274 | Lair:6   | Reached skill level 10 in Evocations
 19577 | Lair:6   | Paralysed by a hornet for 3 turns
 20535 | Spider:1 | Entered Level 1 of the Spider Nest
 20662 | Spider:2 | Noticed Arachne
 20719 | Spider:1 | Quit the game

Vault maps used:
D:1:      scummos_arrival_checkerplants
D:2:      uniq_robin
D:4:      lemuel_upstairs_altar, chequers_temple_overflow_statue_of_worship,
          uniq_edmund
D:5:      overflow_temple_1_default, first_ration, skrybe_limestone_x
D:6:      portal_sewer_entry_f, lemuel_tele_altar
D:7:      okawaru_gym_becter, lemuel_temple_firewalk_a, serial_shops, shop
D:8:      regret_index_temple_of_mockery, uniq_erica
D:9:      elyvilon_altar_1
D:10:     grunt_lair_entry_orc_guard_hut, uniq_joseph, uniq_nergalle
D:11:     minivault_4, hangedman_little_slice_of_home
D:12:     orc_0_dummy, serial_shops, shop_fountains, uniq_psyche
D:13:     grunt_vaults_entry_fortified, hangedman_weighted_door
Lair:1:   patterned_corridor
Lair:2:   minmay_shoals_entry_hut, bobbens_dragon_lair_wall
Lair:3:   nicolae_spider_entry_tight_spaces, portal_ice_cave_entry_pillars_1
Lair:4:   enter_volcano_2, lemuel_centaur_altar
Lair:5:   slime_altar_1, lemuel_fruit_tree
Lair:6:   hangedman_lair_in_review, hangedman_lair_tendril_chambers,
          minmay_lair_drake_nest
Spider:2: uniq_arachne
Orc:1:    nicolae_orc_lost_temple
Orc:2:    st_orc_open, basic_altar, nicolae_orc_tapped_out, uniq_josephine
Sewer:    sewer_co_purgy_island
IceCv:    ice_cave_small_necro
Volcano:  volcano_lake

Skill      XL: |  1  2  3  4  5  6  7  8  9 10 11 12 13 14 15 16 |
---------------+-------------------------------------------------+-----
Conjurations   | 2 3 4 5 6 7 8 9 |  9.0
Spellcasting   | 5 6 7 8 9 10 11 | 11.4
Invocations    | 1 2 3 4 5 6 7 8 9 10 11 | 11.2
Fighting       | 1 2 3 4 5 6 7 8 9 10 | 10.3
Short Blades   | 1 2 3 4 5 6 7 8 9 10 | 10.3
Long Blades    | 1 2 3 4 5 6 7 8 9 10 | 10.3
Axes           | 1 2 3 4 5 6 7 8 9 10 | 10.3
Maces & Flails | 1 2 3 4 5 6 7 8 9 10 | 10.3
Polearms       | 1 2 3 4 5 6 7 8 9 10 | 10.3
Staves         | 1 2 3 4 5 6 7 8 9 10 | 10.3
Slings         | 1 2 3 4 5 6 7 8 9 10 | 10.3
Bows           | 1 2 3 4 5 6 7 8 9 10 | 10.3
Crossbows      | 1 2 3 4 5 6 7 8 9 10 | 10.3
Throwing       | 1 2 3 4 5 6 7 8 9 10 | 10.3
Armour         | 1 2 3 4 5 6 7 8 9 10 | 10.3
Shields        | 1 2 3 4 5 6 7 8 9 10 | 10.3
Unarmed Combat | 1 2 3 4 5 6 7 8 9 10 | 10.3
Evocations     | 1 2 3 4 5 6 7 8 9 10 | 10.3
Hexes          | 1 2 3 4 5 6 7 8 |  8.7
Charms         | 1 2 3 4 5 6 7 8 |  8.7
Summonings     | 1 2 3 4 5 6 7 8 |  8.7
Necromancy     | 1 2 3 4 5 6 7 8 |  8.7
Translocations | 1 2 3 4 5 6 7 8 |  8.7
Transmutations | 1 2 3 4 5 6 7 8 |  8.7
Ice Magic      | 1 2 3 4 5 6 7 8 |  8.7
Air Magic      | 1 2 3 4 5 6 7 8 |  8.7
Earth Magic    | 1 2 3 4 5 6 7 8 |  8.7
Poison Magic   | 1 2 3 4 5 6 7 8 |  8.7
Dodging        | 5 6 7 8 9 10 11 | 11.2
Stealth        | 5 6 7 8 9 10 11 | 11.1
Fire Magic     | 6 7 8 9 10 | 10.3

Action                   |  1- 3 |  4- 6 |  7- 9 | 10-12 | 13-15 | 16-18 || total
-------------------------+-------+-------+-------+-------+-------+-------++-------
Melee: Short sword       |       |     2 |    24 |   326 |   511 |       ||   863
       Bite              |       |       |     1 |    35 |    68 |    19 ||   123
       Hunting sling     |       |       |     1 |       |       |       ||     1
       Punch             |       |       |       |     1 |       |       ||     1
       Triple sword      |       |       |       |       |    38 |   146 ||   184
 Fire: Hunting sling     |       |   107 |   211 |    53 |       |       ||   371
       Shortbow          |       |       |       |     7 |       |       ||     7
Throw: Stone             |     4 |       |       |       |       |       ||     4
 Cast: Flame Tongue      |    62 |    79 |   156 |    62 |    56 |     2 ||   417
       Sticky Flame      |       |     5 |    16 |    32 |    32 |    34 ||   119
       Fireball          |       |       |     7 |    35 |   107 |    68 ||   217
       Mephitic Cloud    |       |       |       |     5 |    11 |     2 ||    18
       Conjure Flame     |       |       |       |     1 |       |       ||     1
       Force Lance       |       |       |       |     4 |    31 |     3 ||    38
       Freezing Cloud    |       |       |       |       |    12 |       ||    12
       Sublimation of Bl |       |       |       |       |       |    35 ||    35
       Regeneration      |       |       |       |       |       |    17 ||    17
Evoke: Wand              |       |       |     1 |     8 |     3 |       ||    12
       Phial of floods   |       |       |       |     1 |     2 |       ||     3
       Lamp of fire      |       |       |       |       |     1 |       ||     1
  Use: Scroll            |     4 |     6 |     2 |    13 |     7 |     2 ||    34
       Potion            |       |       |     7 |       |     1 |     1 ||     9
 Stab: Paralysed         |       |       |     3 |       |       |       ||     3
       Sleeping          |       |       |       |    24 |    13 |     2 ||    39
       Confused          |       |       |       |     6 |    19 |     1 ||    26
       Distracted        |       |       |       |     2 |     2 |       ||     4
  Eat: Chunk             |       |     8 |    12 |    22 |    31 |    16 ||    89
       Ration            |       |       |     1 |     1 |     4 |     1 ||     7
Armor: Robe              |     7 |    10 |     8 |       |       |       ||    25
       Troll leather arm |       |       |    15 |    96 |    87 |    89 ||   287
       Skin              |       |       |     2 |       |       |       ||     2
Dodge: Dodged            |     5 |    44 |   136 |   306 |   466 |   311 ||  1268
Block: Buckler           |       |       |       |    33 |   153 |       ||   186
       Rpst.: Triple sword |       |       |       |       |    14 |    75 ||    89

Table legend:
 A = Spawn XP
 B = Non-spawn XP
 C = Spawn XP percentage of total XP
 D = Spawn monster count
 E = Non-spawn monster count
 F = Spawn count percentage of total count
 G = Total turns spent on level
                    A         B        C        D         E        F      G
               +---------+---------+-------+---------+---------+-------+---------
         Total |       0 |  121073 |   0.0 |       0 |     694 |   0.0 | 20719
               +---------+---------+-------+---------+---------+-------+---------
           D:1 |       0 |      36 |   0.0 |       0 |      21 |   0.0 |   692
           D:2 |       0 |      77 |   0.0 |       0 |      29 |   0.0 |  1024
           D:3 |       0 |     155 |   0.0 |       0 |      25 |   0.0 |   825
           D:4 |       0 |     289 |   0.0 |       0 |      17 |   0.0 |   589
           D:5 |       0 |     761 |   0.0 |       0 |      24 |   0.0 |   890
           D:6 |       0 |    1485 |   0.0 |       0 |      37 |   0.0 |  1018
           D:7 |       0 |     285 |   0.0 |       0 |       8 |   0.0 |   562
           D:8 |       0 |    1885 |   0.0 |       0 |      29 |   0.0 |  1145
           D:9 |       0 |     817 |   0.0 |       0 |      20 |   0.0 |   785
          D:10 |       0 |    2987 |   0.0 |       0 |      21 |   0.0 |   933
          D:11 |       0 |    6669 |   0.0 |       0 |      54 |   0.0 |  1069
          D:12 |       0 |    2162 |   0.0 |       0 |      27 |   0.0 |   584
          D:13 |       0 |    2798 |   0.0 |       0 |       6 |   0.0 |    53
        Lair:1 |       0 |    4072 |   0.0 |       0 |      19 |   0.0 |   867
        Lair:2 |       0 |    5475 |   0.0 |       0 |      21 |   0.0 |   413
        Lair:3 |       0 |    3675 |   0.0 |       0 |      17 |   0.0 |  1098
        Lair:4 |       0 |   11795 |   0.0 |       0 |      41 |   0.0 |  1076
        Lair:5 |       0 |    4552 |   0.0 |       0 |      15 |   0.0 |   760
        Lair:6 |       0 |   28586 |   0.0 |       0 |      79 |   0.0 |  1652
      Spider:1 |       0 |    5322 |   0.0 |       0 |      21 |   0.0 |   177
         Orc:1 |       0 |    7983 |   0.0 |       0 |      30 |   0.0 |   952
         Orc:2 |       0 |   16913 |   0.0 |       0 |      58 |   0.0 |  1503
         Sewer |       0 |     147 |   0.0 |       0 |       6 |   0.0 |   185
         IceCv |       0 |    6489 |   0.0 |       0 |      54 |   0.0 |  1174
       Volcano |       0 |    5658 |   0.0 |       0 |      15 |   0.0 |   686
               +---------+---------+-------+---------+---------+-------+---------
